AoeStats
← XEVER | Rorro Pirroro

Arabia

503725871Analyzed
1v1 RM · 1mo ago on Sep 2, 2026· 42m 53s· 2 players
Game mode
Random Map
Map size
Tiny (2 player)
Population
200
Speed
Normal
Resources
Standard
Victory
Conquest
Starting age
Dark Age
Ending age
Imperial Age
RankedLock teamsTeams togetherTeam positionsShared explorationLock speedFull tech treeHidden civsTurbo modeCheats
Victory
Defeat
🇦🇷 Chinese · Argentina
1789
+8
🇨🇴 Saracens · Colombia
1592
-8
XEVER | Rorro Pirroro
0:25 Loom
9:34 Feudal Age
10:02 Double-Bit Axe
10:22 Horse Collar
18:24 Fletching
21:17 Castle Age
20:19 Padded Archer Armor
21:19 Elite Skirmisher
21:55 Bodkin Arrow
22:23 Bow Saw
30:03 Wheelbarrow
31:09 Stone Mining
30:54 Crossbowman
34:46 Imperial Age
33:07 Ballistics
33:17 Hand Cart
33:00 Town Watch
33:52 Gold Mining
34:12 Heavy Plow
34:46 Leather Archer Armor
35:01 Thumb Ring
36:30 Chemistry
35:30 Bracer
35:11 Arbalester
36:50 Conscription
37:50 Scale Barding Armor
38:34 Ring Archer Armor
38:16 Bloodlines
38:50 Great Wall
39:26 Rocketry
39:51 Husbandry
40:09 Forging
40:19 Chain Barding Armor
40:03 Light Cavalry
41:25 Pikeman
42:05 Squires
43:17 Plate Barding Armor
AoE2 ANGEL
6:33 Loom
9:12 Feudal Age
10:05 Double-Bit Axe
14:06 Town Watch
19:04 Castle Age
17:32 Gold Mining
18:19 Fletching
18:20 Horse Collar
19:31 Padded Archer Armor
19:17 Crossbowman
20:15 Bodkin Arrow
24:32 Scale Barding Armor
25:06 Bow Saw
25:18 Bloodlines
26:06 Wheelbarrow
25:56 Husbandry
31:52 Chain Barding Armor
31:08 Light Cavalry
36:07 Imperial Age
33:49 Heavy Plow
33:46 Elite Skirmisher
37:40 Plate Barding Armor
39:43 Gold Shaft Mining
38:49 Hussar
40:07 Conscription
40:09 Hand Cart
41:17 Forging
42:36 Iron Casting
Connection lost

Rejoining the realm…

Still unreachable

The connection could not be restored.

Session expired

The server has moved on; the page needs a fresh start.